 Dungeon Crawl Stone Soup version 0.20.1-1-g8b1a95d (webtiles) character file.

132 doot the Chopper (level 4, -1/34 HPs)
             Began as a Demonspawn Gladiator on July 11, 2017.
             Killed by divine providence
             ... invoked by an orc priest
              (16 damage)
             ... on level 4 of the Dungeon.
             The game lasted 00:04:52 (1711 turns).

doot the Chopper (Demonspawn Gladiator)             Turns: 1711, Time: 00:04:53

Health: -1/34      AC:  6    Str: 14    XL:     4   Next: 92%
Magic:  1/1        EV: 12    Int:  9    God:
Gold:   125        SH:  0    Dex: 16    Spells: 3/3 levels left

rFire    . . .     SeeInvis .   x - +2 halberd (antimagic)
rCold    . . .     Gourm    .   (shield currently unavailable)
rNeg     . . .     Faith    +   y - +0 ring mail {MR+}
rPois    .         Spirit   .   c - +0 helmet
rElec    .         Reflect  .   (no cloak)
rCorr    .         Harm     .   (no gloves)
MR       +....                  (no boots)
Stlth    +.........             u - amulet of faith
Regen    0.2/turn               (no ring)
MPRegen  0.1/turn               (no ring)

@: no status effects
A: powered by death 1
a: no special abilities


You were on level 4 of the Dungeon.
You were hungry.

You visited 1 branch of the dungeon, and saw 4 of its levels.

You collected 125 gold pieces.

Inventory:

Hand Weapons
 a - a +0 war axe
 x - a +2 antimagic halberd (weapon)
Missiles
 d - 3 throwing nets (quivered)
Armour
 b - a +0 leather armour
 c - a +0 helmet (worn)
 r - a +0 ring mail
 y - a +0 ring mail of magic resistance (worn)
Jewellery
 u - an amulet of faith (around neck)
Scrolls
 g - 3 scrolls of amnesia
 j - 2 scrolls of teleportation {unknown}
 k - a scroll of fear {unknown}
 m - 2 scrolls of identify
 n - 3 scrolls of remove curse {unknown}
 p - a scroll of random uselessness {unknown}
 v - 2 scrolls of enchant armour {unknown}
 w - a scroll of immolation {unknown}
Potions
 e - 3 potions of mutation
 h - a potion of berserk rage {unknown}
 l - a potion of might {unknown}
 o - 2 potions of brilliance {unknown}
 q - 2 potions of flight {unknown}
 s - a potion of invisibility {unknown}
 t - a potion of agility {unknown}
 z - a potion of degeneration {unknown}
Comestibles
 f - 3 bread rations
 i - 2 meat rations
 A - 4 chunks of flesh


   Skills:
 + Level 2.4 Fighting
 + Level 3.9(4.0) Axes
 + Level 0.5(2.4) Polearms
 + Level 1.8 Throwing
 + Level 1.5 Armour
 + Level 3.1 Dodging
 + Level 0.8 Stealth


You had 3 spell levels left.
You didn't know any spells.

Dungeon Overview and Level Annotations

Branches:
Dungeon (4/15)
 Temple: D:4-7

Altars:


Innate Abilities, Weirdness & Mutations

You regenerate a little health from kills.


Message History

The orc misses you.
The orc priest hits you but does no damage.
The giant cockroach misses you.
Unknown command.
Unknown command.
Unknown command.
Unknown command.
As you read the scroll labeled WADISIEREWN, it crumbles to dust.
It is a scroll of amnesia.
You feel forgetful for a moment. The giant cockroach bites you.
The orc hits you with a short sword.
The orc priest hits you but does no damage.
The orc closely misses you.
As you read the scroll labeled NIG HESINTOUL, it crumbles to dust.
It is a scroll of identify.
e - 3 potions of mutation The giant cockroach completely misses you.
The orc priest calls down the wrath of Beogh upon you.
Beogh smites you!
You die...

####.....########....
##.#.## #.#.# ###.#
#.### #.# #.# #.# #.#
#.# #.# ########.#
####.### ##...oo...#
#....... #.[.oo@s..#
#.##.##. #..####...#
#.##.##. ...#
#.##.... ...#
#.#####. ...#
#....... ..##
######## ..# ..#


You could see 2 orc priests, 2 orcs and a giant cockroach.

Vanquished Creatures
  A hound (D:4)
  2 gnolls
  3 adders
  A dart slug (D:1)
  3 leopard geckos
  2 orcs (D:4)
  3 ball pythons
  2 giant cockroaches
  5 goblins
  6 hobgoblins
  2 jackals (D:2)
  3 kobolds
  2 quokkas
  2 bats (D:1)
  4 frilled lizards
  5 rats
46 creatures vanquished.

Vanquished Creatures (others)
  A bat (D:1)
1 creature vanquished.

Grand Total: 47 creatures vanquished

Notes
Turn   | Place    | Note
-------+----------+-------------------------------------------
     0 | D:1      | doot the Demonspawn Gladiator began the quest for the Orb.
     0 | D:1      | Reached XP level 1. HP: 16/16 MP: 1/1
   140 | D:1      | Gained mutation: You regenerate a little health from kills. [demonic ancestry]
   140 | D:1      | Reached XP level 2. HP: 22/22 MP: 2/2
   609 | D:2      | Reached XP level 3. HP: 27/27 MP: 3/3
  1280 | D:2      | Reached skill level 1 in Armour
  1280 | D:2      | Reached XP level 4. HP: 12/33 MP: 0/4
  1505 | D:3      | You fall through a shaft!
  1711 | D:4      | Killed from afar by an orc priest

Skill      XL: |  1  2  3 |
---------------+----------+-----
Axes           | 3 |  3.9
Dodging        | 3 |  3.1
Armour         | 1 |  1.5
Fighting       | |  2.4
Polearms       | |  0.5
Throwing       | |  1.8
Stealth        | |  0.8

Action                   |  1- 3 |  4- 6 || total
-------------------------+-------+-------++-------
Melee: War axe           |   102 |       ||   102
       Halberd           |       |    26 ||    26
  Use: Scroll            |       |     2 ||     2
 Stab: Sleeping          |     1 |       ||     1
  Eat: Chunk             |     1 |     1 ||     2
Armor: Leather armour    |    13 |       ||    13
       Ring mail         |    20 |    13 ||    33
Dodge: Dodged            |    73 |    33 ||   106
